 Dungeon Crawl Stone Soup version 0.20-a0-949-g916514f (webtiles) character file.

17 Isola the Sneak (level 2, 0/13 HPs)
             Began as a Spriggan Enchanter on Apr 4, 2017.
             Slain by a hobgoblin
             ... wielding a +0 club
              (7 damage)
             ... on level 1 of the Dungeon.
             The game lasted 00:00:46 (1009 turns).

Isola the Sneak (Spriggan Enchanter)                Turns: 1009, Time: 00:00:47

Health: 0/13       AC:  2    Str:  4    XL:     2   Next: 44%
Magic:  6/6        EV: 18    Int: 16    God:
Gold:   18         SH:  0    Dex: 16    Spells: 5/6 levels left

rFire    . . .     SeeInvis +   a - +1 dagger
rCold    . . .     Gourm    .   (shield restricted)
rNeg     . . .     Faith    .   b - +0 robe
rPois    .         Spirit   .   (helmet restricted)
rElec    .         Reflect  .   (no cloak)
rCorr    .         Harm     .   (gloves unavailable)
MR       .....                  (boots unavailable)
Stlth    +++.......             (no amulet)
Regen    0.1/turn               (no ring)
MPRegen  0.1/turn               (no ring)

@: very quick
A: unfitting armour, see invisible, herbivore 3, speed 3, slow metabolism 2
a: no special abilities


You were on level 1 of the Dungeon.
You were not hungry.

You visited 1 branch of the dungeon, and saw 1 of its levels.

You collected 18 gold pieces.

Inventory:

Hand Weapons
 a - a +1 dagger (weapon)
Armour
 b - a +0 robe (worn)
Scrolls
 e - a scroll of immolation {unknown}
 g - 2 scrolls of blinking {unknown}
Potions
 h - a potion of heal wounds {unknown}
Books
 c - a book of Maledictions

   Spells                             Type                      Level
   a - Corona                         Hexes                        1
   b - Ensorcelled Hibernation        Hexes/Ice                    2
   c - Confuse                        Hexes                        3
   d - Tukima's Dance                 Hexes                        3
   e - Dazzling Spray                 Conjuration/Hexes            3
Comestibles
 d - a bread ration
 f - 7 fruits


   Skills:
 - Level 1.1 Short Blades
 - Level 3.0 Dodging
 * Level 5.6 Stealth
 - Level 2.6 Spellcasting
 + Level 3.9 Hexes


You had 5 spell levels left.
You knew the following spells:

 Your Spells              Type           Power        Failure   Level  Hunger
a - Corona                Hex            ##.....      4%          1    #......


Dungeon Overview and Level Annotations

Branches:
Dungeon (1/15)

Altars:


Innate Abilities, Weirdness & Mutations

You are very small and have problems with some larger weapons.
You are too small for most types of armour.
You have supernaturally acute eyesight. (SInv)
You are a herbivore.
You cover ground extremely quickly.
You need consume almost no food.


Message History

HP restored.
f - 7 fruits (gained 3)
h - an amethyst potion A hobgoblin comes into view.
It is wielding a club.
Found a stone staircase leading down.
A bat comes into view.
The hobgoblin shouts!
You closely miss the bat. The bat closely misses you. The hobgoblin misses you.
You completely miss the hobgoblin. The bat closely misses you.
The hobgoblin barely misses you.
You hit the hobgoblin but do no damage. The bat misses you.
The bat completely misses you. The hobgoblin barely misses you.
You closely miss the hobgoblin. The bat hits you but does no damage.
The bat barely misses you. The hobgoblin hits you with a club.
You hit the hobgoblin.
The hobgoblin is moderately wounded.
The bat hits you. The bat hits you but does no damage.
The hobgoblin hits you with a club!
Ouch! That really hurt!
You die...

#. ... ... .. #.# ..
#.###. #.#.. #.#.# ##
.######.#.###...## ####
>.........@g...... ...#
######.#.b....... #.#.#
.# #.#......... .#..##.#
#.#.........
#.#.##.######.#.........
#.#.##.##.....##........
.#..##.##.....######.###
#.#..#.##.....# .#
.....#.######.#


You could see a hobgoblin and a bat.

Vanquished Creatures
  2 dart slugs (D:1)
  A leopard gecko (D:1)
  2 giant cockroaches (D:1)
  5 hobgoblins (D:1)
10 creatures vanquished.

Notes
Turn   | Place    | Note
-------+----------+-------------------------------------------
     0 | D:1      | Isola the Spriggan Enchanter began the quest for the Orb.
     0 | D:1      | Reached XP level 1. HP: 9/9 MP: 5/5
   500 | D:1      | Reached skill level 5 in Stealth
   504 | D:1      | Reached XP level 2. HP: 5/13 MP: 6/6
  1009 | D:1      | Slain by a hobgoblin

Vault maps used:
D:1:      lemuel_arrival_room, minmay_small_reverse_x

Skill      XL: |  1 |
---------------+----+-----
Stealth        | 5 |  5.6
Short Blades   | |  1.1
Dodging        | |  3.0
Spellcasting   | |  2.6
Hexes          | |  3.9

Action                   || total
-------------------------++-------
Melee: Dagger            ||    69
 Stab: Sleeping          ||     3
Armor: Robe              ||    11
Dodge: Dodged            ||    57
